 Dungeon Crawl Stone Soup version 0.29-a0-920-g5d2155ec51 (webtiles) character file.

Game seed: 6053390435441978358

38 2tc the Poker (level 3, 27/27 HPs)
             Began as a Merfolk Gladiator on July 27, 2022.
             Was a Follower of Kikubaaqudgha.
             Quit the game on level 2 of the Dungeon.
             The game lasted 00:05:16 (895 turns).

2tc the Poker (Merfolk Gladiator)                    Turns: 895, Time: 00:05:17

Health: 27/27      AC:  4    Str: 14    XL:     3   Next: 43%
Magic:  3/3        EV: 13    Int:  9    God:    Kikubaaqudgha [*.....]
Gold:   97         SH:  0    Dex: 15    Spells: 2/2 levels left

rFire   . . .      SeeInvis .   g - +0 spear (freeze)
rCold   . . .      Faith    .   (no shield)
rNeg    . . .      Spirit   .   b - +0 leather armour
rPois   .          Reflect  .   c - +0 helmet
rElec   .          Harm     .   (no cloak)
rCorr   .          Rampage  .   (no gloves)
Will    .....                   (no boots)
Stlth   +.........              (no amulet)
HPRegen 0.09/turn               (no ring)
MPRegen 0.08/turn               (no ring)

@: no status effects
A: (nimble swimmer 2), mertail
a: Renounce Religion, Unearth Wretches


You were on level 2 of the Dungeon.
You worshipped Kikubaaqudgha.
Kikubaaqudgha was aware of your devotion.
You visited 1 branch of the dungeon, and saw 2 of its levels.

You collected 97 gold pieces.

Inventory:

Hand Weapons
 a - a +0 trident
 g - a +0 spear of freezing (weapon)
 j - the +10 sling of Pextashrusk {flame, rCorr Str-4 Int+3 Dex+4}
   (You found it on level 2 of the Dungeon)

   Any ammunition fired from it burns those it strikes, dealing additional fire
   damage.
   Str:       It affects your strength (-4).
   Int:       It affects your intelligence (+3).
   Dex:       It affects your dexterity (+4).
   rCorr:     It protects you from acid and corrosion.
Missiles
 d - 3 throwing nets (quivered)
 e - a javelin
Armour
 b - a +0 leather armour (worn)
 c - a +0 helmet (worn)
Scrolls
 h - a scroll of summoning
Potions
 i - a potion of lignification
 k - a potion of mutation
 l - a potion of brilliance
 m - a potion of heal wounds


   Skills:
 - Level 2.1 Fighting
 * Level 5.8 Polearms
 - Level 2.0 Throwing
 - Level 4.0 Dodging


You had 2 spell levels left.
You didn't know any spells.
Your spell library contained the following spells:

 Spells                   Type           Power      Damage    Failure   Level
 Necrotise                Necr           0%         1d4       45%         1
 Sublimation of Blood     Necr           0%         N/A       61%         2
 Anguish                  Hex/Necr       0%         N/A       99%         4
 Animate Dead             Necr           0%         N/A       99%         4


Dungeon Overview and Level Annotations

Branches:
Dungeon (2/15)

Altars:
Kikubaaqudgha


Innate Abilities, Weirdness & Mutations

((You are very nimble when in or above water. (Stealth+, EV+, Speed+++)))
Your lower body shifts to a powerful aquatic tail in water.


Message History

You kill the rat!
You see here a +0 spear.
You now have 62 gold pieces (gained 5).
Found 3 stones.
You now have 70 gold pieces (gained 8).
A frilled lizard comes into view.
Found 12 gold pieces.
Press: ? - help, v - describe, . - travel
Here: a frilled lizard The floor.
Unknown command.
Unknown command.
Unknown command.
You shoot a sling bullet.
The sling bullet closely misses the frilled lizard.
You shoot a sling bullet.
The sling bullet closely misses the frilled lizard.
You shoot a sling bullet.
The sling bullet closely misses the frilled lizard.
The frilled lizard misses you.
You shoot a sling bullet.
The sling bullet hits the frilled lizard!
The sling bullet burns the frilled lizard.
You kill the frilled lizard!
The +10 sling of Pextashrusk {flame, rCorr Str-4 Int+3 Dex+4} stops flaming.
Your +0 spear of freezing glows with a cold blue light!
g - a +0 spear of freezing (weapon)
You now have 85 gold pieces (gained 15).
Found a faded altar of an unknown god.
You now have 97 gold pieces (gained 12).
There is a faded altar of an unknown god here.
Found a hand axe.
There is a faded altar of an unknown god here.
You cannot tell which god this altar belongs to.
Convert to them anyway?
Kikubaaqudgha accepts your prayer! Kikubaaqudgha welcomes you!
You can now bring forth the wretched and dying.
Kikubaaqudgha grants you a gift!
You add the spells Necrotise, Sublimation of Blood, Anguish and Animate Dead to your library.
Are you sure you want to abandon this character and quit the game? (Confirm with "yes".)

.)..... ..... .....
.... ... #.# ##§##
#§.§# #########
#§@§###........
#...........#
###.........#####.#
#######............
#.........##......#
#..........(.....#
#................##
#.................#
#.......##.........


There were no monsters in sight!

Vanquished Creatures
  An adder (D:2)
  A worm (D:2)
  A dart slug (D:1)
  A bat (D:1)
  2 endoplasms (D:1)
  2 goblins (D:2)
  3 hobgoblins (D:1)
  5 kobolds
  3 quokkas (D:1)
  A frilled lizard (D:2)
  2 rats (D:2)
22 creatures vanquished.

Notes
Turn   | Place    | Note
-------+----------+-------------------------------------------
     0 | D:1      | 2tc the Merfolk Gladiator began the quest for the Orb.
     0 | D:1      | Reached XP level 1. HP: 16/16 MP: 1/1
   113 | D:1      | Reached XP level 2. HP: 22/22 MP: 2/2
   200 | D:1      | Reached skill level 5 in Polearms
   615 | D:2      | Identified the +10 sling of Pextashrusk {flame, rCorr Str-4
                  | Int+3 Dex+4}
   647 | D:2      | Reached XP level 3. HP: 27/27 MP: 3/3
   885 | D:2      | Found a faded altar of an unknown god.
   894 | D:2      | Prayed at the altar of an unknown god.
   894 | D:2      | Became a worshipper of Kikubaaqudgha
   894 | D:2      | Reached * piety under Kikubaaqudgha
   894 | D:2      | Received a gift from Kikubaaqudgha
   895 | D:2      | Quit the game

Illustrated notes

Levels and vault maps discovered:
D:1:      heliophobic_arrival_henge, layout_rooms, serial_corexii_hall,
          chequers_hall_statues_corner_a, chequers_hall_statues_corner_a
D:2:      layout_rooms, ebering_ecumenical_altar_mist,
          chequers_serial_rivers_room_b, chequers_serial_rivers_small_b,
          kennysheep_generic_room_11

Skill      XL: |  1  2 |
---------------+-------+-----
Polearms       | 5 |  5.8
Fighting       | |  2.1
Throwing       | |  2.0
Dodging        | |  4.0

Action                   || total
-------------------------++-------
Melee: Trident           ||    29
       Spear             ||    43
 Fire: Sling             ||     5
  Use: Scroll            ||     7
Armor: Leather armour    ||     9
Dodge: Dodged            ||    44

Table legend: (Time is in decaauts)
 A = Elapsed time spent in this place.
 B = Non-inter-level travel time spent in this place.
 C = Inter-level travel time spent in this place.
 D = Time resting spent in this place.
 E = Time spent auto-exploring this place.
 F = Levels seen in this place.
 G = Mean time per level.
                   A        B        C        D        E       F      G
               +--------+--------+--------+--------+--------+-----+--------+
         Total |    890 |    872 |     18 |      0 |    689 |   2 |  445.0 |
       Dungeon |    890 |    872 |     18 |      0 |    689 |   2 |  445.0 |
               +--------+--------+--------+--------+--------+-----+--------+

Top non-repeatable levels by time:
     D:1: 607 daAuts
     D:2: 282 daAuts
